 Dungeon Crawl Stone Soup version 0.24.0-1-gfbc8707 (webtiles) character file.

Game seed: 17761038680149911702, levelgen mode: deterministic

621 Buxparty the Slinger (level 7, 0/62 HPs)
             Began as a Deep Dwarf Hunter on Dec 27, 2019.
             Killed by divine providence
             ... invoked by an orc priest
              (11 damage)
             ... on level 5 of the Dungeon.
             The game lasted 00:13:14 (3571 turns).

Buxparty the Slinger (Deep Dwarf Hunter)            Turns: 3571, Time: 00:13:15

Health: 0/62       AC:  9    Str: 15    XL:     7   Next: 22%
Magic:  6/6        EV: 13    Int: 12    God:
Gold:   232        SH:  0    Dex: 15    Spells: 6/6 levels left

rFire    + . .     SeeInvis .   b - +0 short sword
rCold    + . .     Gourm    .   (no shield)
rNeg     . . .     Faith    .   c - +0 leather armour
rPois    +         Spirit   .   e - +0 helmet
rElec    .         Reflect  .   q - scarf {rC+ rF+}
rCorr    .         Harm     .   o - +0 pair of gloves
MR       +....                  p - +2 pair of boots
Stlth    ++........             (no amulet)
HPRegen  0.00/turn              r - +1 ring of protection
MPRegen  0.10/turn              x - ring of poison resistance

@: non-regenerating
A: damage resistance, heal wounds, sense surroundings 1, no regeneration
a: Heal Wounds


You were on level 5 of the Dungeon.
You were not hungry.

You visited 1 branch of the dungeon, and saw 5 of its levels.

You collected 232 gold pieces.

Inventory:

Hand Weapons
 a - a +1 hunting sling
 b - a +0 short sword (weapon)
Missiles
 h - 3 silver boomerangs (quivered)
Armour
 c - a +0 leather armour (worn)
 e - a +0 helmet (worn)
 o - a +0 pair of gloves (worn)
 p - a +2 pair of boots (worn)
 q - a scarf of resistance (worn)
Jewellery
 r - a +1 ring of protection (left hand)
 x - a ring of poison resistance (right hand)
Wands
 d - a wand of clouds (6)
 w - a wand of paralysis (5)
Scrolls
 g - 5 scrolls of remove curse
 l - a scroll of identify {unknown}
 m - a scroll of enchant weapon {unknown}
 n - 3 scrolls of teleportation
 s - a scroll of random uselessness {unknown}
 v - a scroll of immolation {unknown}
Potions
 i - a potion of flight {unknown}
 j - a potion of heal wounds {unknown}
 t - 2 potions of mutation {unknown}
 u - 2 potions of curing {unknown}
 z - a potion of degeneration {unknown}
Comestibles
 f - 11 rations


   Skills:
 + Level 3.2 Fighting
 + Level 8.7 Slings
 - Level 0.1(4.4) Throwing
 + Level 1.4 Armour
 + Level 2.7 Dodging
 + Level 1.7 Stealth


You had 6 spell levels left.
You didn't know any spells.
Your spell library contained the following spells:

 Spells                   Type           Power        Failure   Level  Hunger
 Animate Skeleton         Necr           N/A          38%         1    ##.....
 Apportation              Tloc           #.....       38%         1    ##.....
 Confusing Touch          Hex            #.....       38%         1    ##.....
 Magic Dart               Conj           #...         38%         1    ##.....
 Summon Small Mammal      Summ           #...         38%         1    ##.....
 Blink                    Tloc           N/A          52%         2    ###....
 Call Imp                 Summ           #.......     52%         2    ###....
 Slow                     Hex            #.......     52%         2    ###....
 Conjure Flame            Conj/Fire      #.......     77%         3    ####...
 Mephitic Cloud           Conj/Pois/Air  #.......     77%         3    ####...


Dungeon Overview and Level Annotations

Branches:
Dungeon (5/15)
 Temple: D:4-7

Altars:
Elyvilon
Trog
Vehumet
The Shining One

Annotations:
D:5 Pikel


Innate Abilities, Weirdness & Mutations

You are resistant to damage.
You can heal yourself by infusing magical energy.
You passively map a small area around you.
You do not regenerate.


Message History

The slave barely misses you. Something hits you.
* * * LOW HITPOINT WARNING * * *
Deactivating autopickup; reactivate with Ctrl-A.
The slave barely misses you. The orc priest barely misses you.
The orc wizard casts a spell at you. The magic dart hits you.
* * * LOW HITPOINT WARNING * * *
The orc wizard barely misses you.
You closely miss the slave.
The slave is almost dead.
You feel less confused.
The orc wizard casts a spell.
The orc wizard blinks!
Pikel hits you with a +2 whip of freezing.
* * * LOW HITPOINT WARNING * * *
The slave hits you but does no damage. Something hits you.
The slave hits you but does no damage.
The orc priest invokes the aid of Beogh against you.
Beogh smites you!
You die...

,
,#.....#####.....#....
*,
,#...(......(....####'
, , *,
#...............#.... ,
, ,
#...............#....
#...............'.... ,
,#(..............#....
'
###..oop..........#....
#.o..pK{#####.....#####
, #....o@p#...'.....#
,#....§..#...#.....# ,
* ,#.......#...#†....#
,#.......#<..#.....#
#.......#...#.....#
#.......#...#.....#
*#.......#...#.....###
,.....####+###.......#
, , , #.......#


You could see Pikel, 3 slaves, an orc priest and 3 orc wizards.

Vanquished Creatures
  A slave (D:5)
  A necrophage (D:4)
  2 big kobolds (D:3)
  A scorpion (D:5)
  A crimson imp (D:5)
  A centaur skeleton (D:4)
  An iguana (D:4)
  An orc wizard (D:5)
  A worker ant (D:4)
  A hound skeleton (D:5)
  7 adders
  A shadow imp (D:5)
  2 worms
  A dart slug (D:2)
  3 leopard geckos
  10 orcs
  4 giant cockroaches
  15 goblins
  8 hobgoblins
  11 jackals
  5 quokkas
  2 ball pythons (D:1)
  A ball python zombie (D:2)
  11 bats
  8 frilled lizards
  15 kobolds
  6 rats
121 creatures vanquished.

Notes
Turn   | Place    | Note
-------+----------+-------------------------------------------
     0 | D:1      | Buxparty the Deep Dwarf Hunter began the quest for the Orb.
     0 | D:1      | Reached XP level 1. HP: 19/19 MP: 1/1
    72 | D:1      | Reached XP level 2. HP: 26/26 MP: 2/2
   240 | D:1      | Reached skill level 5 in Slings
   327 | D:1      | Reached XP level 3. HP: 30/32 MP: 3/3
   947 | D:2      | Reached XP level 4. HP: 31/39 MP: 4/4
  1114 | D:2      | Reached skill level 6 in Slings
  1445 | D:2      | Found a glowing golden altar of the Shining One.
  1445 | D:2      | Found a radiant altar of Vehumet.
  1446 | D:2      | Found a bloodstained altar of Trog.
  1951 | D:3      | Reached XP level 5. HP: 35/46 MP: 5/5
  2127 | D:3      | Reached skill level 7 in Slings
  2161 | D:3      | Reached XP level 6. HP: 42/55 MP: 6/6
  2613 | D:4      | Reached skill level 1 in Armour
  2676 | D:4      | Reached skill level 8 in Slings
  3122 | D:5      | Entered Level 5 of the Dungeon
  3278 | D:5      | Reached XP level 7. HP: 62/62 MP: 6/6
  3420 | D:5      | Found a white marble altar of Elyvilon.
  3483 | D:5      | Noticed Pikel
  3571 | D:5      | Killed from afar by an orc priest

Levels and vault maps discovered:
D:1:      lemuel_arrival_behind_the_door_small, layout_rooms,
          chequers_serial_rivers_large_a, minmay_split_cup_large
D:2:      layout_basic, gammafunk_temple_overflow_forgotten, first_ration
D:3:      cheibrodos_thug_alley, layout_basic
D:4:      layout_loops_ring
D:5:      layout_gridville, elyvilon_altar_3, minmay_temple_entry_large_hall,
          uniq_pikel

Skill      XL: |  1  2  3  4  5  6 |
---------------+-------------------+-----
Fighting       | 2 3 |  3.2
Slings         | 5 6 7 8 |  8.7
Armour         | 1 |  1.4
Throwing       | |  0.1
Dodging        | |  2.7
Stealth        | |  1.7

Action                   |  1- 3 |  4- 6 |  7- 9 || total
-------------------------+-------+-------+-------++-------
Melee: Short sword       |     5 |       |    10 ||    15
 Fire: Hunting sling     |   132 |   289 |    57 ||   478
Throw: Boomerang         |    10 |       |     3 ||    13
 Abil: Heal Wounds       |       |     4 |     4 ||     8
  Use: Scroll            |       |     2 |       ||     2
  Eat: Chunk             |       |     2 |       ||     2
       Ration            |       |     2 |       ||     2
Armor: Leather armour    |    22 |    43 |    37 ||   102
Dodge: Dodged            |    44 |    68 |    75 ||   187
